 Dungeon Crawl Stone Soup version 0.19-GnollCrawlA-1-g03664ee (webtiles) character file.

19 GravitySqueeze the Shield-Bearer (level 1, -1/18 HPs)
             Began as a Formicid Fighter on Mar 2, 2017.
             Slain by a gnoll
             ... wielding a +0 whip
              (8 damage)
             ... on level 6 of the Lair of Beasts.
             The game lasted 00:01:33 (783 turns).

GravitySqueeze the Shield-Bearer (Formicid Fighter)  Turns: 783, Time: 00:01:34

Health: -1/18      AC:  5    Str: 20    XL:     1   Next: 0%
Magic:  1/1        EV:  7    Int:  7    God:
Gold:   54         SH:  9    Dex: 10    Spells: 0 memorised, 0 levels left

rFire  . . .     SeeInvis +     a - +0 long sword
rCold  . . .     Gourm    .     b - +0 scale mail
rNeg   . . .     Faith    .     c - +0 shield
rPois  .         Spirit   .     (helmet unavailable)
rElec  .         Dismiss  .     j - +0 cloak (curse)
rCorr  .         Reflect  .     (no gloves)
SustAt .         Harm     .     (no boots)
MR     .....                    g - amulet of magic regeneration
Stlth  ..........               (no ring)
                                m - -3 ring of protection (curse)

@:
A: permanent stasis, dig shafts and tunnels, four strong arms, antennae 3
a: Dig, Shaft Self


You were on level 6 of the Lair of Beasts.
You were not hungry.

You visited 2 branches of the dungeon, and saw 12 of its levels.

You collected 54 gold pieces.

Inventory:

Hand Weapons
 a - a +0 long sword (weapon)
Armour
 b - a +0 scale mail (worn)
 c - a +0 shield (worn)
 j - a cursed +0 cloak (worn)
Jewellery
 g - an amulet of magic regeneration (around neck)
 m - a cursed -3 ring of protection (left hand)
Scrolls
 i - a scroll of teleportation
Potions
 d - a potion of might
 h - a potion of berserk rage {unknown}
 l - a potion of lignification {unknown}
Comestibles
 f - a bread ration


   Skills:
 + Level 3.2 Fighting
 + Level 2.0 Long Blades
 + Level 3.2 Armour
 + Level 3.6 Shields


You couldn't memorise any spells.
You didn't know any spells.

Dungeon Overview and Level Annotations

Branches:
Dungeon (10/15)              Lair (4/6) D:10         Shoals (0/4) Lair:4
 Temple: D:1-2        Snake: Lair:2-4    Spider: Lair:2-4       Orc: D:9-12

Altars:
Dithmenos


Innate Abilities, Weirdness & Mutations

You are under a permanent stasis effect.
You can dig through walls and to a lower floor.
Your four strong arms can wield two-handed weapons with a shield.
You have a pair of large antennae on your head. (SInv)


Message History

You see here a spear.
You start resting.
HP restored.
A gnoll comes into view. It is wielding a whip.
You slash the gnoll!
The gnoll is heavily wounded.
You block the gnoll's attack. The gnoll hits you with a whip.
Your scale mail prevents you from hitting the gnoll.
The gnoll is heavily wounded.
The gnoll hits you but does no damage.
You hit the gnoll.
The gnoll is severely wounded.
The gnoll hits you with a whip!
You closely miss the gnoll.
The gnoll is severely wounded.
You block the gnoll's attack. The gnoll hits you but does no damage.
Your shield prevents you from hitting the gnoll.
The gnoll is severely wounded.
The gnoll hits you with a whip!
You die...

##... #....# #....##....
.. ##...#.... ##..... #
#....#.P.##.#.....
..#..........##......
.....................
.....................
........................
......g@###.#.##........
........##.#)##.........
........##.##..#....)..
..##P..P##....##...... .
. #.....#......##....##P
..#...##.....##.......P
....... #.....###..)....
.#.##.. ##..####P.....#.
#.#.###.......#


You could see a gnoll.

Vanquished Creatures
  2 gnolls (Lair:6)
2 creatures vanquished.

Notes
Turn   | Place    | Note
-------+----------+-------------------------------------------
     0 | D:1      | GravitySqueeze the Formicid Fighter began the quest for the Orb.
     0 | D:1      | Reached XP level 1. HP: 18/18 MP: 1/1
   101 | D:1      | You fall through a shaft!
   163 | D:2      | Found a shadowy altar of Dithmenos.
   168 | D:2      | You fall through a shaft!
   177 | D:3      | You fall through a shaft for 3 floors!
   180 | D:6      | You fall through a shaft for 2 floors!
   306 | D:8      | You fall through a shaft!
   309 | D:9      | You fall through a shaft!
   309 | D:10     | Entered Level 10 of the Dungeon
   394 | D:10     | Found a staircase to the Lair.
   419 | Lair:1   | Entered Level 1 of the Lair of Beasts
   423 | Lair:1   | You fall through a shaft!
   426 | Lair:2   | You fall through a shaft!
   465 | Lair:3   | You fall through a shaft!
   465 | Lair:4   | Found a staircase to the Shoals.
   468 | Lair:4   | You fall through a shaft for 2 floors!
   468 | Lair:6   | Entered Level 6 of the Lair of Beasts
   783 | Lair:6   | Slain by a gnoll

Action                   || total
-------------------------++-------
Melee: Long sword        ||    11
 Abil: Shaft Self        ||    10
  Use: Scroll            ||     4
Armor: Scale mail        ||     3
Dodge: Dodged            ||     3
Block: Shield            ||     5
